 Dungeon Crawl Stone Soup version 0.30-a0-600-gb7c8574cbb (webtiles) character file.

Game seed: 16220664404298047638

247 Decipherer the Cudgeller (level 5, -4/72 HPs)
             Began as a Minotaur Berserker on Jan 7, 2023.
             Was a Believer of Trog.
             Killed by nerve-wracking pain
             ... invoked by a shadow imp
             ... summoned by Natasha
              (6 damage)
             ... on level 2 of the Dungeon.
             The game lasted 00:01:20 (1135 turns).

Decipherer the Cudgeller (Minotaur Berserker)       Turns: 1135, Time: 00:01:20

Health: -4/72      AC:  5    Str: 24    XL:     5   Next: 85%
Magic:  4/4        EV: 16    Int:  4    God:    Trog [**....]
Gold:   74         SH:  0    Dex:  9    Spells: 4/4 levels left

rFire   . . .      SeeInvis .    a - +0 mace
rCold   . . .      Faith    .    (no shield)
rNeg    . . .      Spirit   .    g - +0 ring mail
rPois   .          Reflect  .    (helmet restricted)
rElec   .          Harm     .    (no cloak)
rCorr   +          Rampage  .    (no gloves)
Will    .....                    (no boots) Stlth
                                 (no amulet)
HPRegen 0.32/turn                c - +5 ring of evasion
MPRegen 0.09/turn                i - ring of resist corrosion

@: berserking, slowed
A: horns 2, retaliatory headbutt
a: Renounce Religion, Berserk, Trog's Hand


You were on level 2 of the Dungeon.
You worshipped Trog.
Trog was pleased with you.
You visited 1 branch of the dungeon, and saw 2 of its levels.

You collected 74 gold pieces.

Inventory:

Hand Weapons
 a - a +0 mace (weapon)
Missiles
 b - 6 boomerangs
 l - 6 poisoned darts
Armour
 g - a +0 ring mail (worn)
Jewellery
 c - a +5 ring of evasion (left hand)
 i - a ring of resist corrosion (right hand)
Scrolls
 e - 2 scrolls of teleportation {unknown}
 j - a scroll of magic mapping {unknown}
 m - a scroll of identify {unknown}
Potions
 d - 2 potions of curing
 f - a potion of ambrosia {unknown}
 h - a potion of flight {unknown}
 k - a potion of berserk rage {unknown}
 n - a potion of attraction {unknown}


   Skills:
 + Level 5.1 Fighting
 + Level 5.9 Maces & Flails
 + Level 3.6 Armour
 + Level 3.2 Dodging


You had 4 spell levels left.
You didn't know any spells.
Your spell library contained the following spells:

 Spells                   Type           Power      Damage    Failure   Level
 Gell's Gravitas          Tloc           0%         N/A       95%         3
 Hailstorm                Conj/Ice       0%         3d3       95%         3
 Lesser Beckoning         Tloc           0%         N/A       95%         3
 Teleport Other           Tloc           0%         N/A       95%         3
 Ice Form                 Ice/Tmut       0%         N/A       100%        4
 Simulacrum               Ice/Necr       0%         N/A       100%        6


Dungeon Overview and Level Annotations

Branches:
Dungeon (2/15)

Altars:

Annotations:
D:2 Natasha


Innate Abilities, Weirdness & Mutations

You have a pair of horns on your head.
You reflexively headbutt those who attack you in melee.


Message History

Natasha is moderately wounded.
Natasha casts a spell at you. The magic dart hits you.
The shadow imp hits you but does no damage.
You closely miss Natasha.
Natasha is moderately wounded.
Natasha closely misses you. The shadow imp closely misses you.
You furiously retaliate!
You headbutt the shadow imp. You hit Natasha.
Natasha is heavily wounded.
The shadow imp gestures at you. Pain shoots through your body!
Natasha howls an incantation.
Natasha glows brightly for a moment.
Natasha completely misses you.
You hit Natasha. Your headbutt misses Natasha.
Natasha is almost dead.
A quokka comes into view.
Natasha stares at you and mumbles some strange words.
The magic dart hits you. The shadow imp hits you.
You completely miss Natasha.
Natasha is almost dead.
Natasha misses you. The shadow imp hits you.
The goblin hits you but does no damage. The shadow imp gestures at you.
Pain shoots through your body!
* * * LOW HITPOINT WARNING * * *
Natasha wildly gestures.
You feel troubled. Natasha casts a spell at you.
You feel yourself slow down.
A red film seems to cover your vision as you go berserk!
You feel yourself moving faster!
You feel mighty! The goblin hits you with a +0 club.
* * * LOW HITPOINT WARNING * * *
Natasha claws you.
* * * LOW HITPOINT WARNING * * *
The shadow imp gestures at you. Pain shoots through your body!
You die...

#†# ♣♣.†... #.# ♣♣♣♣..
#.# ♣.. #..# ... ##..#
♣..♣ #..### ..♣♣
#####...#### ♣♣♣
........†..####
.......5@#....###########
.......hg####...>.....(..
.........# ########.....
.........# #.....
....r....# #^....
.........# #.....
.........# #.....
.........# #..... #...##


You could see Natasha, a shadow imp (summoned), a quokka and a goblin.

Vanquished Creatures
  Sigmund (D:2)
  Natasha (D:2)
  2 adders (D:2)
  2 dart slugs
  An orc (D:2)
  6 bats
  5 endoplasms
  A giant cockroach (D:1)
  3 goblins
  A hobgoblin (D:1)
  2 jackals (D:1)
  6 kobolds
  A quokka (D:2)
  4 ball pythons
  A frilled lizard (D:2)
  5 rats
42 creatures vanquished.

Notes
Turn   | Place    | Note
-------+----------+-------------------------------------------
     0 | D:1      | Decipherer the Minotaur Berserker began the quest for the
                  | Orb.
     0 | D:1      | Reached XP level 1. HP: 19/19 MP: 0/0
   267 | D:1      | Reached XP level 2. HP: 27/27 MP: 1/1
   536 | D:1      | Found a faded altar of an unknown god.
   706 | D:2      | Noticed Natasha
   713 | D:2      | Noticed a crimson imp
   716 | D:2      | Killed Natasha
   717 | D:2      | Reached XP level 3. HP: 34/34 MP: 2/2
   849 | D:2      | Reached ** piety under Trog
   868 | D:2      | Reached XP level 4. HP: 39/41 MP: 3/3
   922 | D:2      | Noticed Sigmund
   934 | D:2      | Killed Sigmund
   935 | D:2      | Reached skill level 5 in Fighting
   935 | D:2      | Reached skill level 5 in Maces & Flails
   935 | D:2      | Reached XP level 5. HP: 46/48 MP: 4/4
  1120 | D:2      | Noticed Natasha
  1135 | D:2      | HP: 2/72 [Natasha (5)]
  1135 | D:2      | Killed from afar by a shadow imp

Illustrated notes

Levels and vault maps discovered:
D:1:      dpeg_arrival_more_subterranean_lakeside_camping, layout_loops_ring,
          shapermc_ecumenical_altar_notcrosses
D:2:      kb_forest_paths, layout_basic, basic_altar, uniq_natasha, uniq_sigmund

Skill      XL: |  1  2  3  4 |
---------------+-------------+-----
Fighting       | 4 5 |  5.1
Maces & Flails | 4 5 |  5.9
Armour         | 3 |  3.6
Dodging        | 3 |  3.2

Action                   |  1- 3 |  4- 6 || total
-------------------------+-------+-------++-------
Melee: Mace              |    49 |    37 ||    86
       Headbutt          |     8 |     3 ||    11
Invok: Berserk           |     1 |     1 ||     2
Armor: Animal skin       |     5 |       ||     5
       Ring mail         |     6 |     7 ||    13
Dodge: Dodged            |    35 |    34 ||    69

Table legend: (Time is in decaauts)
 A = Elapsed time spent in this place.
 B = Non-inter-level travel time spent in this place.
 C = Inter-level travel time spent in this place.
 D = Time resting spent in this place.
 E = Time spent auto-exploring this place.
 F = Levels seen in this place.
 G = Mean time per level.
                   A        B        C        D        E       F      G
               +--------+--------+--------+--------+--------+-----+--------+
         Total |   1165 |   1135 |     30 |      0 |    890 |   2 |  582.5 |
       Dungeon |   1165 |   1135 |     30 |      0 |    890 |   2 |  582.5 |
               +--------+--------+--------+--------+--------+-----+--------+

Top non-repeatable levels by time:
     D:1: 722 daAuts
     D:2: 442 daAuts
